 Dungeon Crawl Stone Soup version 0.20-a0-972-gb9bd3e6 (webtiles) character file.

189 Murumi the Covert (level 5, 0/72 HPs)
             Began as a Naga Enchanter on Apr 9, 2017.
             Slain by a slave (4 damage)
             ... led by Pikel
             ... on level 4 of the Dungeon.
             The game lasted 00:15:03 (3540 turns).

Murumi the Covert (Naga Enchanter)                  Turns: 3540, Time: 00:15:04

Health: 0/72       AC: 22    Str: 10    XL:     5   Next: 68%
Magic:  8/8        EV:  1    Int: 18    God:
Gold:   177        SH:  0    Dex: 17    Spells: 7/8 levels left

rFire    . . .     SeeInvis +   a - +2 dagger
rCold    . . .     Gourm    .   (no shield)
rNeg     + + +     Faith    .   (armour currently unavailable)
rPois    +         Spirit   .   (helmet currently unavailable)
rElec    .         Reflect  .   (cloak currently unavailable)
rCorr    .         Harm     .   (gloves currently unavailable)
MR       .....     NoTele   +   (no barding)
Stlth    +++++.....             (no amulet)
Regen    0.3/turn               (no ring)
MPRegen  0.2/turn               (no ring)

@: agile, tree-form
A: see invisible, clever 1, (deformed body), (poison resistance), robust 1,
screaming 1, (slowness 0), slow metabolism 1, spit poison 1, AC +1
a: Spit Poison


You were on level 4 of the Dungeon.
You were hungry.
You were a tree.
You visited 1 branch of the dungeon, and saw 4 of its levels.

You collected 177 gold pieces.

Inventory:

Hand Weapons
 a - a +2 dagger (weapon)
Armour
 b - a +0 robe (melded)
 g - a +0 cloak (melded)
 o - a +0 helmet (melded)
Scrolls
 h - a scroll of fog
 j - 2 scrolls of remove curse
 l - a scroll of enchant weapon
Potions
 e - a potion of agility
 k - a potion of cancellation
 m - a potion of ambrosia
 p - a potion of resistance {unknown}
Books
 c - a book of Maledictions

   Spells                             Type                      Level
   a - Corona                         Hexes                        1
   b - Ensorcelled Hibernation        Hexes/Ice                    2
   c - Confuse                        Hexes                        3
   d - Tukima's Dance                 Hexes                        3
   e - Dazzling Spray                 Conjuration/Hexes            3
Comestibles
 d - 3 bread rations
 f - 5 meat rations
 i - a royal jelly


   Skills:
 - Level 1.0 Fighting
 + Level 1.7 Short Blades
 - Level 1.5 Dodging
 - Level 9.0 Stealth
 - Level 2.0 Spellcasting
 - Level 3.0 Hexes


You had 7 spell levels left.
You knew the following spells:

 Your Spells              Type           Power        Failure   Level  Hunger
a - Corona                Hex            ##.....      6%          1    #......


Dungeon Overview and Level Annotations

Branches:
Dungeon (4/15)
 Temple: D:4-7

Altars:
Dithmenos
Gozag
Okawaru
Trog
Uskayaw

Annotations:
D:4 Pikel


Innate Abilities, Weirdness & Mutations

You cannot wear boots.
((Your serpentine skin is tough. (AC +1)))
You have supernaturally acute eyesight. (SInv)
((Armour fits poorly on your strangely shaped body.))
((Your system is resistant to poisons. (rPois)))
((You cover ground very slowly.))
You have a slow metabolism.
You can spit poison.
Your mind is acute. (Int +2)
You are robust. (+10% HP)
You occasionally shout uncontrollably at your foes.


Message History

The slave hits you but does no damage. x4
You hit the slave but do no damage.
The slave is lightly wounded.
The slave hits you but does no damage. x3
You hit Pikel but do no damage.
The slave hits you but does no damage. x2
An orc wizard comes into view. It is wielding a dagger.
You hit Pikel but do no damage. The slave hits you.
* * * LOW HITPOINT WARNING * * *
Pikel hits you but does no damage. The slave hits you.
* * * LOW HITPOINT WARNING * * *
The orc wizard points at you and mumbles some strange words.
You resist with some effort. The slave hits you but does no damage.
You closely miss Pikel. The slave hits you.
* * * LOW HITPOINT WARNING * * *
Pikel hits you but does no damage. The slave hits you but does no damage.
The orc wizard points at you and mumbles some strange words.
The magic dart hits you! The slave hits you but does no damage.
You closely miss Pikel. The slave hits you but does no damage.
Pikel hits you but does no damage. The slave hits you.
You die...

# +_+ .# #......# .##. ###
.# #......# ... ### .#
##...#.# #.#######.#
##..###.#
#####.........###...###.##
.............###...##.....
####..........####.....
#.ppp.....## #......
#pK♣†....#####....##
####o..###........#.
.|.#.# .........#. ....#.#
.........'. ........
.........#.
.....##.......[..##. ..
...........## ..
.............
#.........###


You could see Pikel, 4 slaves and an orc wizard.

Vanquished Creatures
  An orc wizard (D:3)
  7 adders
  An ooze (D:1)
  4 worms
  A dart slug (D:2)
  4 leopard geckos
  5 orcs (D:3)
  4 giant cockroaches
  13 hobgoblins
  4 jackals
  A quokka (D:3)
  5 bats
  2 frilled lizards
  8 goblins
  5 kobolds
  8 rats
73 creatures vanquished.

Notes
Turn   | Place    | Note
-------+----------+-------------------------------------------
     0 | D:1      | Murumi the Naga Enchanter began the quest for the Orb.
     0 | D:1      | Reached XP level 1. HP: 15/15 MP: 3/3
   144 | D:1      | Reached skill level 5 in Stealth
   248 | D:1      | Reached XP level 2. HP: 18/24 MP: 1/5
   427 | D:1      | Reached skill level 1 in Fighting
   835 | D:1      | Reached skill level 6 in Stealth
   835 | D:1      | Reached XP level 3. HP: 11/31 MP: 3/6
  1515 | D:2      | Reached skill level 7 in Stealth
  1515 | D:2      | Reached XP level 4. HP: 33/38 MP: 4/7
  1785 | D:2      | Found an iron altar of Okawaru.
  2058 | D:2      | Reached skill level 8 in Stealth
  2369 | D:3      | Reached XP level 5. HP: 44/44 MP: 8/8
  2570 | D:3      | Found a bloodstained altar of Trog.
  2673 | D:3      | Reached skill level 9 in Stealth
  2954 | D:3      | Found an opulent altar of Gozag.
  3115 | D:3      | Gained mutation: You are robust. (+10% HP) [potion of mutation]
  3115 | D:3      | Gained mutation: You occasionally shout uncontrollably at your foes. [potion of mutation]
  3115 | D:3      | Gained mutation: Your mind is acute. (Int +2) [potion of mutation]
  3487 | D:4      | Found a hide-covered altar of Uskayaw.
  3514 | D:4      | Noticed a slave
  3517 | D:4      | Noticed a slave
  3518 | D:4      | Noticed Pikel
  3518 | D:4      | Noticed a slave
  3518 | D:4      | Noticed a slave
  3521 | D:4      | Found a shadowy altar of Dithmenos.
  3540 | D:4      | Slain by a slave

Vault maps used:
D:1:      minmay_arrival_plants_in_alcoves, minmay_crystal_water
D:2:      okawaru_trees_2
D:3:      grunt_gozag_breadcrumbs, nicolae_overflow_crystal_walls
D:4:      kennysheep_little_box, lemuel_doored_altar, makhleb_altar_promises_db,
          uniq_pikel, uniq_grinder

Skill      XL: |  1  2  3  4  5 |
---------------+----------------+-----
Stealth        | 5 6 7 8 9 |  9.0
Fighting       | 1 |  1.0
Short Blades   | |  1.7
Dodging        | |  1.5
Spellcasting   | |  2.0
Hexes          | |  3.0

Action                   |  1- 3 |  4- 6 || total
-------------------------+-------+-------++-------
Melee: Dagger            |    73 |   121 ||   194
 Cast: Corona            |    23 |    11 ||    34
 Abil: Spit Poison       |    16 |    17 ||    33
  Use: Scroll            |     7 |     6 ||    13
       Potion            |       |     3 ||     3
 Stab: Sleeping          |     8 |    13 ||    21
       Distracted        |       |     1 ||     1
  Eat: Chunk             |     2 |     6 ||     8
Armor: Robe              |    19 |    27 ||    46
       Skin              |       |    43 ||    43
Dodge: Dodged            |    47 |    43 ||    90
